 Dungeon Crawl Stone Soup version 0.31-a0-435-g2c6fae2916 (webtiles) character file.

Game seed: 1071720082700989360

106 bmack86 the Chopper (level 4, -4/40 HPs)
             Began as a Minotaur Fighter on Aug 1, 2023.
             Killed by nerve-wracking pain
             ... invoked by Grinder
              (14 damage)
             ... on level 3 of the Dungeon.
             The game lasted 00:03:05 (1442 turns).

bmack86 the Chopper (Minotaur Fighter)              Turns: 1442, Time: 00:03:06

Health: -4/40      AC: 10    Str: 22    XL:     4   Next: 55%
Magic:  3/3        EV:  8    Int:  5    God:
Gold:   92         SH:  4    Dex: 10    Spells: 3/3 levels left

rFire   . . .        a - +0 war axe
rCold   . . .        c - +0 buckler
rNeg    . . .        f - +0 chain mail {rPois}
rPois   +            (helmet restricted)
rElec   .            (no cloak)
rCorr   .            (no gloves)
SInv    .            e - +0 pair of boots
Will    .....        (no amulet) Stlth
                     (no ring)
HPRegen 0.26/turn    (no ring)
MPRegen 0.08/turn

%: no passive effects
@: no status effects
A: horns 2, retaliatory headbutt
a: no special abilities


You were on level 3 of the Dungeon.
You visited 1 branch of the dungeon, and saw 3 of its levels.

You collected 92 gold pieces.

Inventory:

Hand Weapons
 a - a +0 war axe (weapon)
Missiles
 o - 4 javelins (quivered)
Armour
 b - a +0 scale mail
 c - a +0 buckler (worn)
 e - a +0 pair of boots (worn)
 f - a +0 chain mail of poison resistance (worn)
Scrolls
 h - a scroll of poison {unknown}
 i - a scroll of summoning {unknown}
 k - a scroll of identify {unknown}
 m - a scroll of enchant weapon {unknown}
 n - a scroll of teleportation {unknown}
Potions
 d - a potion of might
 g - a potion of curing {unknown}
 j - a potion of haste {unknown}
 l - a potion of heal wounds {unknown}
 p - a potion of ambrosia {unknown}


   Skills:
 - Level 4.0 Fighting
 + Level 5.1 Axes
 - Level 4.0 Armour
 - Level 4.0 Shields


You had 3 spell levels left.
You didn't know any spells.
Your spell library contained the following spells:

 Spells                   Type           Power      Damage    Failure   Level
 Sublimation of Blood     Necr           0%         N/A       99%         2
 Petrify                  Tmut/Erth      0%         N/A       100%        4
 Irradiate                Conj/Tmut      0%         3d11      100%        5


Dungeon Overview and Level Annotations

Branches:
Dungeon (3/15)

Altars:
Sif Muna

Annotations:
D:3 Grinder


Innate Abilities, Weirdness & Mutations

You have a pair of horns on your head.
You reflexively headbutt those who attack you in melee.


Message History

You suddenly lose the ability to move!
Grinder barely misses you. Grinder hits you but does no damage.
Grinder blinks!
Grinder hits you but does no damage.
You can move again.
You closely miss Grinder.
Grinder is heavily wounded.
Grinder hits you.
You writhe in agony.
Grinder hits you.
You writhe in agony.
You hit Grinder.
Grinder is heavily wounded.
Grinder gestures at you. You resist with significant effort.
You barely miss Grinder.
Grinder is heavily wounded.
Grinder gestures at you. You resist with significant effort.
You hit Grinder. Your headbutt misses Grinder.
Grinder is heavily wounded.
Grinder gestures at you.
You barely resist. You closely miss Grinder. Your headbutt misses Grinder.
Grinder is heavily wounded.
Grinder hits you but does no damage. Grinder hits you.
You writhe in agony.
* * * LOW HITPOINT WARNING * * *
You hit Grinder but do no damage.
Grinder is heavily wounded.
You block Grinder's attack.
You barely miss Grinder. You headbutt Grinder!
Grinder is almost dead.
Grinder closely misses you. You furiously retaliate!
You headbutt Grinder, but do no damage. You completely miss Grinder.
Your headbutt misses Grinder.
Grinder is almost dead.
Grinder blinks!
Grinder gestures at you.
You barely resist. Grinder gestures at you. Pain shoots through your body!
You die...

.. #.# ..#
########.#
..#.....#
#.#...<.#
##.#.....#
#.....ยง..#
.......#...@.#
######.......#
###...5.#
####.<.# #.#.#
#...# ..#..
.####>


You could see Grinder.

Vanquished Creatures
  Terence (D:2)
  4 gnolls
  An adder (D:2)
  A dart slug (D:1)
  2 endoplasms (D:1)
  4 goblins
  3 hobgoblins (D:1)
  3 jackals (D:1)
  4 kobolds
  2 quokkas
  2 ball pythons
  4 bats
  A frilled lizard (D:1)
  3 rats (D:1)
35 creatures vanquished.

Notes
Turn   | Place    | Note
-------+----------+-------------------------------------------
     0 | D:1      | bmack86 the Minotaur Fighter began the quest for the Orb.
     0 | D:1      | Reached XP level 1. HP: 19/19 MP: 0/0
   123 | D:1      | Reached XP level 2. HP: 23/27 MP: 1/1
   319 | D:1      | Reached skill level 3 in Axes
   349 | D:1      | Found a faded altar of an unknown god.
   455 | D:1      | Reached XP level 3. HP: 33/33 MP: 2/2
   821 | D:2      | Noticed Terence
   827 | D:2      | Killed Terence
   828 | D:2      | Reached skill level 4 in Axes
   885 | D:2      | Reached XP level 4. HP: 38/40 MP: 3/3
  1124 | D:2      | Found a shimmering blue altar of Sif Muna.
  1247 | D:2      | Reached skill level 5 in Axes
  1419 | D:3      | Noticed Grinder
  1428 | D:3      | Paralysed by Grinder for 5 turns
  1442 | D:3      | Killed from afar by Grinder

Illustrated notes

Levels and vault maps discovered:
D:1:      elethiomel_arrival_maze, layout_basic,
          hellmonk_ecumenical_altar_inner_sanctum
D:2:      layout_loops_cross, basic_altar, uniq_terence
D:3:      layout_rooms, led_xom_imps, lemuel_doored_altar,
          cheibrodos_ashenzari_chains, ebering_ghost_inner_flame, minivault_23,
          uniq_grinder

Skill      XL: |  1  2  3  4 |
---------------+-------------+-----
Fighting       | 4 |  4.0
Shields        | 4 |  4.0
Armour         | 4 |  4.0
Axes           | 3 4 5 |  5.1

Action                     |  1- 3 |  4- 6 || total
---------------------------+-------+-------++-------
  Melee: War axe           |    58 |    24 ||    82
         Headbutt          |     9 |     4 ||    13
 Armour: Scale mail        |     9 |       ||     9
         Chain mail        |    32 |     4 ||    36
  Dodge: Dodged            |    24 |     4 ||    28
  Block: Buckler           |    17 |     3 ||    20

Table legend: (Time is in decaauts)
 A = Elapsed time spent in this place.
 B = Non-inter-level travel time spent in this place.
 C = Inter-level travel time spent in this place.
 D = Time resting spent in this place.
 E = Time spent auto-exploring this place.
 F = Levels seen in this place.
 G = Mean time per level.
                   A        B        C        D        E       F      G
               +--------+--------+--------+--------+--------+-----+--------+
         Total |   1469 |   1448 |     21 |      0 |    989 |   3 |  489.7 |
       Dungeon |   1469 |   1448 |     21 |      0 |    989 |   3 |  489.7 |
               +--------+--------+--------+--------+--------+-----+--------+

Top non-repeatable levels by time:
     D:1: 838 daAuts
     D:2: 599 daAuts
     D:3: 30 daAuts
